 Dungeon Crawl Stone Soup version 0.19-a0-1779-g7aee5af (webtiles) character file.

1627 JeffiDaFish the Firebug (level 8, 0/66 HPs)
             Began as a White Draconian Fire Elementalist on Oct 3, 2016.
             Was an Initiate of Vehumet.
             Slain by an orc warrior
             ... wielding a +0 hand axe
              (15 damage)
             ... on level 6 of the Dungeon.
             The game lasted 00:31:32 (5735 turns).

JeffiDaFish the Firebug (DrFE)                      Turns: 5735, Time: 00:31:32

Health: 0/66       AC:  6    Str: 12    XL:     8   Next: 65%
Magic:  0/14       EV: 15    Int: 20    God:    Vehumet [......]
Gold:   345        SH:  0    Dex: 16    Spells: 4 memorised, 4 levels left

rFire  . . .     SeeInvis .     c - +6 mace of Esurem {vamp, rPois Dex+4}
rCold  + . .     Gourm    .     (armour unavailable)
rNeg   . . .     Faith    .     (no shield)
rPois  +         Spirit   .     (helmet restricted)
rElec  .         Dismiss  +     (no cloak)
rCorr  .         Reflect  .     (no gloves)
MR     .....     Harm     .     (no boots)
Stlth  ++........ Clarity  +    s - amulet of dismissal
                                (no ring)
                                (no ring)

@: about to teleport, very slightly contaminated
A: breathe frost, unfitting armour, clarity, clever 2, cold resistance 1,
cold-blooded, AC +6
a: Breathe Frost, Renounce Religion


You were on level 6 of the Dungeon.
You worshipped Vehumet.
Vehumet was noncommittal.
You were not hungry.

You visited 2 branches of the dungeon, and saw 7 of its levels.

You collected 345 gold pieces.

Inventory:

Hand Weapons
 c - the +6 mace of Esurem (weapon) {vamp, rPois Dex+4}
   (You found it on level 4 of the Dungeon)

   It inflicts no extra harm, but heals its wielder somewhat when it strikes a
   living foe.
   It affects your dexterity (+4).
   It protects you from poison.
 n - a +0 trident
Rods
 k - a +0 lightning rod (10/10)
   (You found it on level 2 of the Dungeon)
Jewellery
 s - an amulet of dismissal (around neck)
 t - an uncursed amulet of faith
Scrolls
 d - 3 scrolls of magic mapping
 e - 3 scrolls of remove curse
 m - a scroll of identify
 o - 3 scrolls of amnesia
 q - 3 scrolls of teleportation
Potions
 g - 2 potions of curing
 l - a potion of might
 p - a potion of brilliance
Books
 a - a book of Flames

   Spells                             Type                      Level
   a - Flame Tongue                   Conjuration/Fire             1
   b - Throw Flame                    Conjuration/Fire             2
   c - Conjure Flame                  Conjuration/Fire             3
   d - Inner Flame                    Hexes/Fire                   3
   e - Sticky Flame                   Conjuration/Fire             4
   f - Fireball                       Conjuration/Fire             5
Comestibles
 b - 2 bread rations
 f - 3 meat rations
 h - 3 fruits
 u - 7 chunks of flesh


   Skills:
 + Level 4.0 Fighting
   Level 3.3 Short Blades
 * Level 3.0 Maces & Flails
 - Level 0.8 Polearms
 - Level 2.2 Throwing
 + Level 4.4 Dodging
 + Level 4.3 Stealth
 - Level 2.6 Unarmed Combat
 + Level 4.5 Spellcasting
 + Level 4.7 Conjurations
 * Level 4.9 Fire Magic


You had 4 spell levels left.
You knew the following spells:

 Your Spells              Type           Power        Failure   Level  Hunger
a - Flame Tongue          Conj/Fire      ###..        1%          1    None
b - Throw Flame           Conj/Fire      ###...       2%          2    #......
c - Sticky Flame          Conj/Fire      ###.....     21%         4    ####...
d - Fireball              Conj/Fire      ###.......   58%         5    ######.


Dungeon Overview and Level Annotations

Branches:
Dungeon (6/15)             Temple (1/1) D:5

Altars:
Ashenzari
Cheibriados
Dithmenos
Fedhas
Gozag
Hepliaklqana
Kikubaaqudgha
Okawaru
Qazlal
Trog
Uskayaw
Vehumet
Yredelemnul
Zin

Shops:
D:4 }


Innate Abilities, Weirdness & Mutations

You can breathe waves of freezing cold.
You can buffet flying creatures when you breathe cold.
Your icy white scales are hard. (AC +6)
You cannot fit into any form of body armour.
Your flesh is cold resistant. (rC+)
You are cold-blooded and may be slowed by cold attacks.
You possess an exceptional clarity of mind.
Your mind is very acute. (Int +4)


Message History

The flame tongue hits the orc warrior.
The orc warrior appears unharmed.
The orc warrior barely misses you.
Casting: Flame Tongue
Confirm with . or Enter, or press ? or * to list all spells.
You don't have enough magic to cast that spell.
You feel better.
Casting: Flame Tongue
Confirm with . or Enter, or press ? or * to list all spells.
Aiming: Sticky Flame
Press: ? - help, Shift-Dir - straight line, f/p - orc warrior
Aim: an orc warrior, wielding a hand axe and wearing a plate armour You miscast Sticky Flame.
You are very lightly contaminated with residual magic.
Nothing appears to happen.
The orc warrior hits you with a hand axe!
* * * LOW HITPOINT WARNING * * *
As you read the scroll of teleportation, it crumbles to dust.
You feel strangely unstable.
The orc warrior hits you with a hand axe!
You die...

###...##.......#
....####..###...#
..........# #..
###...###.# #.#
##...##[# #.. #.#..#.#
#..
#########..##...#######.
#.......................
#.>.##.@######.....#####
#....o#####..###o.....
####....##..#.))..##..
#..##.##.#..######## #.#
#.##(#o## . #.
##)##........# ##
#.##......#######
##.#...#).....
#....>.....###


You could see an orc warrior.

Vanquished Creatures
  Duvessa (D:6)
  2 orc warriors
  4 ogres
  A necrophage (D:3)
  A bullfrog (D:6)
  A gnoll sergeant (D:6)
  Dowan (D:6)
  A scorpion (D:4)
  2 hounds
  4 orc priests
  Natasha (thrice) (D:2)
  Terence (D:2)
  2 orc wizards (D:6)
  3 worker ants
  An iguana (D:5)
  Robin (D:4)
  2 gnolls (D:6)
  A howler monkey skeleton (D:6)
  6 adders
  2 oozes
  An adder skeleton (D:6)
  A dart slug (D:1)
  2 leopard geckos
  15 orcs
  A giant cockroach (D:3)
  14 hobgoblins
  11 kobolds
  A quokka (D:4)
  2 ball pythons
  11 bats
  7 frilled lizards
  13 goblins
  A jackal skeleton (D:6)
  A leopard gecko zombie (D:5)
  A quokka skeleton (D:4)
  3 rats
  A plant (D:5)
126 creatures vanquished.

Vanquished Creatures (others)
  10 plants (D:6)
10 creatures vanquished.

Grand Total: 136 creatures vanquished

Notes
Turn   | Place    | Note
-------+----------+-------------------------------------------
     0 | D:1      | JeffiDaFish the Draconian Fire Elementalist began the quest for the Orb.
     0 | D:1      | Reached XP level 1. HP: 14/14 MP: 3/3
   128 | D:1      | Reached XP level 2. HP: 14/20 MP: 5/5
   528 | D:1      | Reached XP level 3. HP: 30/30 MP: 5/7
  1054 | D:2      | Noticed Natasha
  1067 | D:2      | Killed Natasha
  1067 | D:2      | Reached XP level 4. HP: 29/37 MP: 1/9
  1209 | D:2      | Found a stormy altar of Qazlal.
  1209 | D:2      | Found a basalt altar of Yredelemnul.
  1239 | D:2      | Noticed Natasha
  1251 | D:2      | Learned a level 2 spell: Throw Flame
  1256 | D:2      | Learned a level 4 spell: Sticky Flame
  1277 | D:2      | Killed Natasha
  1411 | D:2      | Reached XP level 5. HP: 39/44 MP: 1/10
  1491 | D:2      | Found a hazy altar of Hepliaklqana.
  1491 | D:2      | Found a blossoming altar of Fedhas.
  1519 | D:2      | Noticed Natasha
  1522 | D:2      | Killed Natasha
  1562 | D:2      | Noticed Terence
  1572 | D:2      | Killed Terence
  1929 | D:3      | Noticed a necrophage
  1939 | D:3      | Killed a necrophage
  1939 | D:3      | Reached XP level 6. HP: 50/50 MP: 5/11
  2764 | D:4      | Your scales start taking on an icy white colour.
  2764 | D:4      | Reached XP level 7. HP: 41/57 MP: 6/12
  2764 | D:4      | Gained mutation: Your flesh is cold resistant. (rC+) [White Draconian growth]
  3047 | D:4      | Got a twisted mace
  3048 | D:4      | Identified the +6 mace of Esurem {vamp, rPois Dex+4} (You found it on level 4 of the Dungeon)
  3091 | D:4      | Found an opulent altar of Gozag.
  3102 | D:4      | Noticed Robin
  3363 | D:4      | Killed Robin
  3493 | D:4      | Found Miug's Gadget Boutique.
  3739 | D:5      | Entered Level 5 of the Dungeon
  4040 | D:5      | Found a staircase to the Ecumenical Temple.
  4050 | Temple   | Entered the Ecumenical Temple
  4185 | Temple   | Became a worshipper of Vehumet
  4326 | D:5      | Reached skill level 1 in Maces & Flails
  4896 | D:5      | Learned a level 5 spell: Fireball
  5201 | D:6      | Reached XP level 8. HP: 57/64 MP: 9/14
  5409 | D:6      | Gained mutation: You possess an exceptional clarity of mind. [potion of mutation]
  5409 | D:6      | Gained mutation: Your mind is acute. (Int +2) [potion of mutation]
  5409 | D:6      | Gained mutation: Your mind is very acute. (Int +4) [potion of mutation]
  5433 | D:6      | Noticed Duvessa
  5436 | D:6      | Noticed Dowan
  5441 | D:6      | Killed Duvessa
  5447 | D:6      | Killed Dowan
  5713 | D:6      | HP: 3/66 [orc warrior/hand axe (17)]
  5735 | D:6      | Slain by an orc warrior

Vault maps used:
D:1:      roderic_octagonal_star, minmay_misc_feat_tiny, minivault_5
D:2:      gammafunk_temple_overflow_pools, gammafunk_temple_overflow_elements,
          first_bread, uniq_natasha, uniq_terence
D:4:      kennysheep_little_box, serial_shops, shop,
          eino_small_chamber_without_monster, uniq_robin
D:5:      corexii_shack_village
D:6:      kennysheep_housing_project, uniq_duvessa
Temple:   hc_temple_tempest_star

Skill      XL: |  1  2  3  4  5  6  7  8 |
---------------+-------------------------+-----
Dodging        | 3 4 |  4.4
Fighting       | 2 3 4 |  4.0
Short Blades   | 2 3 |  3.3
Throwing       | 2 |  2.2
Stealth        | 3 4 |  4.3
Unarmed Combat | 2 |  2.6
Spellcasting   | 3 4 |  4.5
Conjurations   | 4 |  4.7
Fire Magic     | 4 |  4.9
Maces & Flails | 1 3 |  3.0
Polearms       | |  0.8

Action                   |  1- 3 |  4- 6 |  7- 9 || total
-------------------------+-------+-------+-------++-------
Melee: Unarmed           |    32 |       |       ||    32
       Tailslap          |     5 |     7 |    23 ||    35
       Dagger            |    60 |    53 |       ||   113
       Punch             |       |     1 |     1 ||     2
       Trident           |       |    38 |    57 ||    95
       Mace              |       |       |   129 ||   129
 Cast: Flame Tongue      |    19 |    19 |    18 ||    56
       Throw Flame       |       |     8 |    19 ||    27
       Sticky Flame      |       |     6 |     7 ||    13
  Use: Scroll            |     6 |     3 |     4 ||    13
       Potion            |     3 |     1 |     9 ||    13
 Stab: Sleeping          |     1 |     6 |     3 ||    10
       Distracted        |       |     1 |       ||     1
  Eat: Chunk             |     1 |     7 |    10 ||    18
       Fruit             |       |       |     3 ||     3
       Bread ration      |       |       |     1 ||     1
Armor: Skin              |    19 |    35 |    47 ||   101
Dodge: Dodged            |    47 |    72 |   143 ||   262
